 Dungeon Crawl Stone Soup version 0.27-a0-1312-g5cdb2b3542 (webtiles) character file.

Game seed: 353930719971951278

849 puppykicker the Bolt Thrower (level 8, -3/60 HPs)
             Began as a Formicid Arcane Marksman on June 20, 2021.
             Was an Initiate of Nemelex Xobeh.
             Slain by a killer bee (8 damage)
             ... on level 7 of the Dungeon.
             The game lasted 00:22:42 (6635 turns).

puppykicker the Bolt Thrower (FoAM)                 Turns: 6635, Time: 00:22:43

Health: -3/60      AC:  7    Str: 12 (15) XL:     8   Next: 21%
Magic:  10/10      EV:  9    Int: 12 (15) God:    Nemelex Xobeh [......]
Gold:   365        SH:  0    Dex:  8 (11) Spells: 6/10 levels left

rFire    + . .     SeeInvis +   a - +0 hand crossbow
rCold    + . .     Faith    .   (no shield)
rNeg     . . .     Spirit   .   A - +0 scale mail
rPois    +         Reflect  .   (helmet unavailable)
rElec    +         Harm     .   i - +0 cloak
rCorr    +         Rampage  .   (no gloves)
Will     .....                  (no boots)
Stlth    ..........             (no amulet)
HPRegen  0.20/turn              (no ring)
MPRegen  0.12/turn              (no ring)

@: mighty, brilliant, resistant, very slightly contaminated, invisible
A: permanent stasis, dig shafts and tunnels, antennae 3, four strong arms
a: Dig, Shaft Self, Renounce Religion, Draw Escape, Draw Destruction, Draw
Summoning


You were on level 7 of the Dungeon.
You worshipped Nemelex Xobeh.
Nemelex Xobeh was noncommittal.
You visited 2 branches of the dungeon, and saw 9 of its levels.

You collected 365 gold pieces.

Inventory:

Hand Weapons
 a - a +0 hand crossbow (weapon)
 b - a +0 hand axe
 w - a +1 dagger of venom
Missiles
 m - 36 poisoned darts
 q - 5 javelins
 Q - 38 bolts (quivered ammo)
Armour
 i - a +0 cloak (worn)
 A - a +0 scale mail (worn)
Magical Staves
 f - a staff of death {rN+}
Wands
 p - a wand of iceblast (4)
 x - a wand of polymorph (4)
 y - a wand of flame (4)
Scrolls
 e - a scroll of immolation {unknown}
 g - 2 scrolls of torment {!r}
 k - a scroll of noise {unknown}
 l - a scroll of magic mapping {unknown}
 n - a scroll of brand weapon {unknown}
 o - a scroll of enchant armour {unknown}
 v - a scroll of holy word {unknown}
Potions
 c - a potion of resistance
 d - a potion of flight
 u - a potion of invisibility


   Skills:
 - Level 4.0 Fighting
 * Level 4.1 Axes
 + Level 5.7 Crossbows
 + Level 1.5 Armour
 + Level 2.2 Dodging
 + Level 1.8 Spellcasting
 - Level 4.0 Hexes
 + Level 1.9 Invocations


You had 6 spell levels left.
You knew the following spells:

 Your Spells              Type           Power      Damage    Failure   Level
a - Corona                Hex            17%        N/A       28%         1
g - Apportation           Tloc           2%         N/A       82%         1
s - Slow                  Hex            16%        N/A       38%         2

Your spell library contained the following spells:

 Spells                   Type           Power      Damage    Failure   Level
 Tukima's Dance           Hex            16%        N/A       63%         3
 Magic Dart               Conj           4%         1d3       82%         1
 Dazzling Flash           Conj/Hex       16%        N/A       88%         3
 Inner Flame              Hex/Fire       8%         N/A       88%         3
 Portal Projectile        Hex/Tloc       16%        N/A       88%         3
 Searing Ray              Conj           2%         3d3       91%         2
 Cause Fear               Hex            8%         N/A       95%         4
 Lesser Beckoning         Tloc           0%         N/A       99%         3
 Fulminant Prism          Conj/Hex       4%         3d6       99%         4
 Leda's Liquefaction      Hex/Erth       4%         N/A       99%         4
 Iskenderun's Mystic Bla  Conj/Tloc      1%         2d3       100%        4
 Alistair's Intoxication  Tmut/Pois      0%         N/A       100%        5
 Invisibility             Hex            8%         N/A       100%        6


Dungeon Overview and Level Annotations

Branches:
Dungeon (8/15)             Temple (1/1) D:5
   Lair: D:8-11

Altars:
Ashenzari
Cheibriados
Dithmenos
Elyvilon
Fedhas
Gozag
Hepliaklqana
Makhleb
Nemelex Xobeh
Okawaru
Ru
Sif Muna
Uskayaw
Vehumet
Wu Jian
Xom
Yredelemnul
Zin
The Shining One


Innate Abilities, Weirdness & Mutations

You cannot be hasted, slowed, berserked, paralysed or teleported.
You can dig through walls and to a lower floor.
You have a pair of large antennae on your head. (SInv)
Your four strong arms can wield two-handed weapons with a shield.


Message History

You take 1 damage, and have 18/60 hp.
It was a potion of brilliance.
You feel clever all of a sudden.
You feel sick. The killer bee barely misses you. x2
You take 2 damage, and have 16/60 hp.
It was a potion of berserk rage.
Your stasis prevents you from going berserk.
You feel sick. The killer bee stings you.
* * * LOW HITPOINT WARNING * * *
The killer bee stings you.
* * * LOW HITPOINT WARNING * * *
You take 6 damage, and have 10/60 hp.
Unknown command.
It was a potion of invisibility.
You fade into invisibility!
You feel sick. The killer bee barely misses you. x2
You are very lightly contaminated with residual magic.
You take 1 damage, and have 9/60 hp.
You extend your mandibles.
You dig through the rock wall.
You feel sick.
You retract your mandibles.
You feel sick. The killer bee closely misses you.
You take 1 damage, and have 8/60 hp.
You feel sick.
You are no longer poisoned.
The killer bee barely misses you.
You take 1 damage, and have 7/60 hp.
The killer bee barely misses you. The killer bee barely misses you.
The killer bee closely misses you.
You open the door.
An acid dragon comes into view.
You hear the steady creaking of a very distant portcullis.
The acid dragon roars!
The killer bee stings you.
* * * LOW HITPOINT WARNING * * *
You take 3 damage, and have 5/60 hp.
The acid dragon roars!
The killer bee stings you!
You die...
Your body disappears without a glow.

#.#
#+####.##
#..##...#...
##.....##.#
#..8.8..#.#
+...>.).'(#
#.D8.8..#O#
##.....##(#
##...###.#
##@####O#
#y###..#
#y##{#.#
#l..#....#
####...##.#
..## .# ..#
.# #..# .
..#


You could see a wyvern, an acid dragon (wandering) and 2 killer bees.

Levels and vault maps discovered:
D:1:      dpeg_arrival_shelter, layout_rooms
D:2:      layout_basic, kennysheep_potato
D:3:      layout_basic, shapermc_ecumenical_altar_mp_urbaneastern,
          minmay_fractal_squares_gapless_5
D:4:      layout_loops_cross, hangedman_decor_riveting
D:5:      layout_loops_ring
D:6:      layout_cave_pools, grunt_ministairs_15
D:7:      layout_loops_ring, kennysheep_vampire_church,
          lightli_bailey_entry_fortress, kennysheep_small_circle
D:8:      layout_basic, uniq_harold
Temple:   minmay_crystal_snake_temple

Notes
Turn   | Place    | Note
-------+----------+-------------------------------------------
     0 | D:1      | puppykicker the Formicid Arcane Marksman began the quest
                  | for the Orb.
     0 | D:1      | Reached XP level 1. HP: 15/15 MP: 2/2
   130 | D:1      | Identified a +1 whip of flaming
   157 | D:1      | Reached XP level 2. HP: 20/21 MP: 3/3
   202 | D:1      | Identified a +0 club
   389 | D:1      | Reached skill level 2 in Fighting
   392 | D:1      | Learned a level 2 spell: Slow
   470 | D:1      | Identified a +0 dagger
   507 | D:1      | Identified a +0 club
   512 | D:1      | Reached XP level 3. HP: 24/27 MP: 4/4
   725 | D:1      | Identified a +0 leather armour
   825 | D:2      | Identified a +0 ring mail
   874 | D:2      | Reached skill level 3 in Crossbows
   874 | D:2      | Identified a +0 hand crossbow
  1105 | D:2      | Identified a +0 dagger
  1135 | D:2      | Reached XP level 4. HP: 34/34 MP: 5/5
  1459 | D:2      | Identified a +0 club
  1684 | D:3      | Identified a +0 spear
  1698 | D:3      | Identified a +0 short sword
  1700 | D:3      | Identified a +0 dagger
  1753 | D:3      | Identified a +0 club
  1770 | D:3      | Identified a +0 dagger
  1771 | D:3      | Identified a +0 club
  1771 | D:3      | Identified a +0 chain mail
  1771 | D:3      | Identified a +0 falchion
  1771 | D:3      | Identified a +0 chain mail
  1773 | D:3      | Identified a +0 dagger
  1830 | D:3      | Identified a +0 robe of willpower
  1905 | D:3      | Identified 2 scrolls of teleportation
  1961 | D:3      | Identified a +0 plate armour
  2021 | D:3      | Found a faded altar of an unknown god.
  2102 | D:3      | Identified 3 scrolls of torment
  2447 | D:3      | Identified a +0 club
  2549 | D:3      | Reached skill level 3 in Fighting
  2549 | D:3      | Reached skill level 4 in Crossbows
  2549 | D:3      | Reached XP level 5. HP: 30/41 MP: 3/6
  2750 | D:3      | Identified a +0 club
  2769 | D:3      | Identified a +0 club
  2911 | D:4      | Identified a +0 mace
  2911 | D:4      | Identified a +0 chain mail
  2960 | D:4      | Identified a +0 trident
  3238 | D:4      | Identified a +0 giant club
  3238 | D:4      | Noticed an ogre
  3451 | D:4      | Identified a +0 leather armour
  3473 | D:4      | Identified a +0 dagger
  3556 | D:4      | HP: 10/41 [poisoned by a scorpion]
  3559 | D:4      | Reached XP level 6. HP: 10/47 MP: 1/7
  3561 | D:4      | HP: 8/47 [poisoned by a scorpion]
  3831 | D:4      | Identified a +0 dagger
  3831 | D:4      | Identified a +0 chain mail
  3833 | D:4      | Identified a +0 hand axe
  3833 | D:4      | Identified a +0 club
  3833 | D:4      | Identified a +0 leather armour
  3836 | D:4      | Identified a +0 mace
  4079 | D:4      | Identified 2 scrolls of identify
  4079 | D:4      | Identified a potion of might
  4080 | D:4      | Identified a potion of heal wounds
  4157 | D:4      | Identified a potion of flight
  4235 | D:5      | Entered Level 5 of the Dungeon
  4358 | D:5      | Identified a +0 shortbow
  4370 | D:5      | HP: 12/48 [hound (2)]
  4372 | D:5      | Reached skill level 4 in Fighting
  4372 | D:5      | Reached skill level 1 in Axes
  4372 | D:5      | Reached skill level 5 in Crossbows
  4374 | D:5      | Reached skill level 2 in Axes
  4642 | D:5      | Reached XP level 7. HP: 53/54 MP: 8/8
  4712 | D:5      | Identified a +0 cloak
  4795 | D:5      | Identified 2 potions of resistance
  4979 | D:5      | Found a staircase to the Ecumenical Temple.
  4991 | D:5      | Reached skill level 3 in Axes
  5019 | Temple   | Entered the Ecumenical Temple
  5168 | Temple   | Became a worshipper of Nemelex Xobeh the Trickster
  5213 | D:5      | Identified a +0 flail of draining
  5326 | D:5      | Identified a ring of see invisible
  5357 | D:6      | Identified a +0 short sword
  5357 | D:6      | Identified a +0 whip
  5357 | D:6      | Identified a +0 scale mail
  5357 | D:6      | Identified a +0 mace
  5357 | D:6      | Identified a +0 dagger
  5357 | D:6      | Identified a +0 ring mail
  5357 | D:6      | Identified a +0 dagger
  5357 | D:6      | Identified a +0 robe
  5576 | D:6      | Learned a level 1 spell: Apportation
  5591 | D:6      | Identified a +2 dagger of speed
  5591 | D:6      | Identified a +0 robe
  5597 | D:6      | Reached skill level 1 in Invocations
  5599 | D:6      | Identified a +0 whip
  5621 | D:6      | Identified a +0 spear
  5632 | D:6      | Identified a +0 spear
  5654 | D:5      | HP: 12/54 [gnoll (5)]
  5894 | D:6      | Identified a +0 club
  5991 | D:6      | You fall into a shaft and drop 2 floors!
  6069 | D:8      | Identified a +0 flail
  6097 | D:8      | Identified a +1 dagger of venom
  6101 | D:8      | Identified a +0 dagger
  6101 | D:8      | Identified a +0 robe
  6127 | D:8      | Reached skill level 2 in Dodging
  6127 | D:8      | Identified a +0 flail
  6352 | D:7      | Identified a +0 short sword
  6352 | D:7      | Identified a +0 glaive
  6352 | D:7      | Identified a +0 plate armour
  6352 | D:7      | Identified a +0 whip
  6379 | D:8      | Reached skill level 1 in Armour
  6379 | D:8      | Reached skill level 4 in Hexes
  6379 | D:8      | Reached XP level 8. HP: 18/60 MP: 10/10
  6598 | D:7      | Reached skill level 4 in Axes
  6604 | D:7      | Noticed a wyvern
  6612 | D:7      | HP: 14/60 [poisoned by a killer bee]
  6614 | D:7      | Identified 3 potions of curing
  6620 | D:7      | HP: 12/60 [killer bee (6)]
  6620 | D:7      | HP: 3/60 [killer bee (4)]
  6624 | D:7      | Identified a potion of degeneration
  6625 | D:7      | Identified a potion of brilliance
  6626 | D:7      | Identified a potion of berserk rage
  6626 | D:7      | HP: 15/60 [poisoned by a killer bee]
  6627 | D:7      | Identified 2 potions of invisibility
  6630 | D:7      | HP: 7/60 [poisoned by a killer bee]
  6635 | D:7      | Slain by a killer bee

Table legend: (Time is in decaauts)
 A = Elapsed time spent in this place.
 B = Non-inter-level travel time spent in this place.
 C = Inter-level travel time spent in this place.
 D = Time resting spent in this place.
 E = Time spent auto-exploring this place.
 F = Levels seen in this place.
 G = Mean time per level.
                   A        B        C        D        E       F      G
               +--------+--------+--------+--------+--------+-----+--------+
         Total |   6702 |   6530 |    172 |   2290 |   3045 |   9 |  744.7 |
       Dungeon |   6519 |   6381 |    138 |   2290 |   2898 |   8 |  814.9 |
        Temple |    183 |    149 |     34 |      0 |    147 |   1 |  183.0 |
               +--------+--------+--------+--------+--------+-----+--------+

Top non-repeatable levels by time:
     D:5: 1450 daAuts
     D:4: 1373 daAuts
     D:3: 1200 daAuts
     D:2: 939 daAuts
     D:1: 763 daAuts
     D:8: 597 daAuts
  Temple: 183 daAuts
     D:6: 142 daAuts
     D:7: 52 daAuts

Table legend:
 A = Kills in this place as a percentage of kills in entire the game.
 B = Kills by you in this place as a percentage of kills by you in the entire game.
 C = Kills by friends in this place as a percentage of kills by friends in the entire game.
 D = Other kills in this place as a percentage of other kills in the entire game.
 E = Experience gained in this place as a percentage of experience gained in the entire game.
 F = Experience gained in this place divided by the number of levels of this place that you have seen.
                   A       B       C       D       E      F
               +-------+-------+-------+-------+-------+----------------------
         Total | 100.0 | 100.0 |   N/A |   N/A | 100.0 | 134.8
       Dungeon | 100.0 | 100.0 |   N/A |   N/A | 100.0 | 151.6
               +-------+-------+-------+-------+-------+----------------------

Skill      XL: |  1  2  3  4  5  6  7  8 |
---------------+-------------------------+-----
Fighting       | 2 3 4 |  4.0
Crossbows      | 3 4 5 |  5.7
Axes           | 2 3 4 |  4.1
Invocations    | 1 |  1.9
Dodging        | 2 |  2.2
Armour         | 1 |  1.5
Hexes          | 4 |  4.0
Spellcasting   | |  1.8

Action                   |  1- 3 |  4- 6 |  7- 9 || total
-------------------------+-------+-------+-------++-------
Melee: Whip              |    51 |    39 |       ||    90
       Trident           |       |    31 |       ||    31
       Hand axe          |       |       |   106 ||   106
 Fire: Hand crossbow     |    30 |    85 |    47 ||   162
Throw: Dart              |       |     7 |       ||     7
 Cast: Slow              |       |     8 |     1 ||     9
       Corona            |       |     2 |       ||     2
 Abil: Dig               |       |       |     1 ||     1
Evoke: Wand              |       |       |    23 ||    23
  Use: Scroll            |       |     5 |     1 ||     6
       Potion            |       |       |    11 ||    11
 Stab: Paralysed         |       |       |    17 ||    17
Armor: Robe              |     5 |       |       ||     5
       Ring mail         |     6 |    63 |    29 ||    98
       Scale mail        |       |       |    29 ||    29
Dodge: Dodged            |    41 |    86 |    78 ||   205

Vanquished Creatures
  A hornet zombie (D:8)
  A centaur (D:5)
  A kobold brigand (D:8)
  A scorpion (D:4)
  A killer bee (D:7)
  A howler monkey (D:7)
  2 hounds
  3 centaur zombies (D:5)
  An orc priest (D:5)
  An iguana (D:3)
  3 orc wizards
  A hound skeleton (D:4)
  4 gnolls
  2 adders
  An adder skeleton (D:4)
  A worm (D:2)
  2 dart slugs
  15 orcs
  7 ball pythons
  8 endoplasms
  4 giant cockroaches
  8 goblins
  11 hobgoblins
  5 jackals
  4 quokkas
  5 bats
  3 frilled lizards
  2 kobolds
  4 rats
103 creatures vanquished.

Vanquished Creatures (others)
  A fungus (D:3)
1 creature vanquished.

Grand Total: 104 creatures vanquished
